 Dungeon Crawl Stone Soup version 0.22-a0-354-g30dfbe6 (webtiles) character file.

114 Klosterheim the Ruffian (level 4, -3/36 HPs)
             Began as a Draconian Transmuter on Apr 16, 2018.
             Was a Believer of Uskayaw.
             Slain by an orc
             ... wielding a +2 mace of holy wrath
              (4 damage)
             ... on level 3 of the Dungeon.
             The game lasted 00:07:22 (3900 turns).

Klosterheim the Ruffian (Draconian Transmuter)      Turns: 3900, Time: 00:07:22

Health: -3/36      AC:  6    Str: 13    XL:     4   Next: 66%
Magic:  2/7        EV: 12    Int: 14    God:    Uskayaw [**....]
Gold:   93         SH:  0    Dex: 11    Spells: 2/8 levels left

rFire    . . .     SeeInvis .     - Unarmed
rCold    . . .     Gourm    .   (no shield)
rNeg     . . .     Faith    .   (armour unavailable)
rPois    .         Spirit   .   (helmet restricted)
rElec    .         Reflect  .   (no cloak)
rCorr    .         Harm     .   (no gloves)
MR       .....                  k - +0 pair of boots
Stlth    +.........             (no amulet)
HPRegen  0.12/turn              (no ring)
MPRegen  0.10/turn              (no ring)

@: drained
A: unfitting armour, cold-blooded, AC +5
a: Stomp, Line Pass, Renounce Religion


You were on level 3 of the Dungeon.
You worshipped Uskayaw.
Uskayaw was noncommittal.
You were hungry.

You visited 1 branch of the dungeon, and saw 3 of its levels.

You collected 93 gold pieces.

Inventory:

Missiles
 a - 12 arrows
Armour
 k - a +0 pair of boots (worn)
Jewellery
 g - a +3 amulet of reflection {unknown}
Wands
 m - a wand of acid (5)
Scrolls
 d - 2 scrolls of remove curse {unknown}
 e - 2 scrolls of fog {unknown}
 f - 2 scrolls of identify {unknown}
 h - a scroll of teleportation {unknown}
 j - a scroll of fear {unknown}
 n - a scroll of amnesia {unknown}
Potions
 l - a potion of invisibility {unknown}
Comestibles
 c - 3 rations


   Skills:
 + Level 2.3(2.2) Fighting
 - Level 1.7(1.6) Dodging
 * Level 3.9(3.8) Unarmed Combat
 + Level 2.5(2.4) Spellcasting
 * Level 3.2(3.1) Transmutations


You had 2 spell levels left.
You knew the following spells:

 Your Spells              Type           Power        Failure   Level  Hunger
a - Beastly Appendage     Tmut           ##....       6%          1    #......
b - Sticks to Snakes      Tmut           ##......     10%         2    ###....
c - Spider Form           Tmut/Pois      #.........   34%         3    ###....


Dungeon Overview and Level Annotations

Branches:
Dungeon (3/15)

Altars:
Ru
Uskayaw
Vehumet
Xom
Zin

Annotations:
D:3 Anon1729's ghost, amateur DsFE


Innate Abilities, Weirdness & Mutations

Your plain brown scales are hard. (AC +5)
You cannot fit into any form of body armour.
You are cold-blooded and may be slowed by cold attacks.


Message History

The orc priest is moderately wounded.
The orc priest mumbles some strange prayers to Beogh against you.
Pain shoots through your body!
You hit the orc priest but do no damage.
You tail-slap the orc priest.
The orc priest is severely wounded.
The orc hits you with a mace of holy wrath.
The orc priest hits you but does no damage.
You can now pass through a line of other dancers.
You closely miss the orc priest.
The orc priest is severely wounded.
The orc hits you with a mace of holy wrath!
* * * LOW HITPOINT WARNING * * *
The orc priest completely misses you.
It was a potion of cancellation.
You feel magically purged.
Your magical contamination has completely faded away.
The orc priest hits you with a hand axe.
* * * LOW HITPOINT WARNING * * *
The orc hits you with a mace of holy wrath.
You die...

.....####...#.#.......##.#
.#...# ###.#.#..))......#
##...######...#.)..)..####
#.........#.......)<.#
#.........#....##.####
#.........##...##.#
o...............#รท#
##............#....#####
#...............@.......##
#.##....K..##..oo....##..###
#.##.#.##.###.#.####<.......
#.##......###...# ####.....
#.##o.# #.o###..# ....
Wo...## #)..##..# . #
..##o.####......#
.####.##[.........
......>....#######


You could see an orc priest and an orc.

Vanquished Creatures
  4 adders
  An ooze (D:3)
  A worm (D:2)
  2 dart slugs (D:2)
  3 leopard geckos
  2 orcs
  2 ball pythons
  3 bats
  5 giant cockroaches
  15 goblins
  7 hobgoblins
  A quokka (D:2)
  4 frilled lizards
  6 kobolds
  A rat (D:1)
57 creatures vanquished.

Notes
Turn   | Place    | Note
-------+----------+-------------------------------------------
     0 | D:1      | Klosterheim the Draconian Transmuter began the quest for the Orb.
     0 | D:1      | Reached XP level 1. HP: 16/16 MP: 3/3
    76 | D:1      | Reached XP level 2. HP: 21/23 MP: 5/5
   951 | D:2      | Reached XP level 3. HP: 27/28 MP: 6/6
  1408 | D:2      | Learned a level 2 spell: Sticks to Snakes
  1412 | D:2      | Learned a level 3 spell: Spider Form
  1476 | D:2      | Found a sacrificial altar of Ru.
  1551 | D:2      | Found a glowing silver altar of Zin.
  1637 | D:2      | Found a faded altar of an unknown god.
  1637 | D:2      | Found a shimmering altar of Xom.
  1644 | D:2      | Found a hide-covered altar of Uskayaw.
  1646 | D:2      | Found a faded altar of an unknown god.
  1647 | D:2      | Found a radiant altar of Vehumet.
  1945 | D:2      | Became a worshipper of Uskayaw the Reveler
  2145 | D:2      | Reached XP level 4. HP: 36/36 MP: 0/7
  2145 | D:2      | Reached * piety under Uskayaw
  2381 | D:2      | Reached ** piety under Uskayaw
  3625 | D:3      | Noticed Anon1729's ghost (amateur DsFE)
  3900 | D:3      | HP: 1/36 [orc priest/hand axe (3)]
  3900 | D:3      | Slain by an orc

Vault maps used:
D:1:      minmay_arrival_wavy_path
D:2:      minmay_wonky_spiral, lemuel_crystal_altar,
          chequers_temple_overflow_minitemple, old_standard_altar
D:3:      grunt_qazlal_sundering, first_ration

Skill      XL: |  1  2  3  4 |
---------------+-------------+-----
Fighting       | 2 |  2.3
Transmutations | 3 |  3.2
Dodging        | |  1.7
Unarmed Combat | |  3.9
Spellcasting   | |  2.5

Action                   |  1- 3 |  4- 6 || total
-------------------------+-------+-------++-------
Melee: Unarmed           |   152 |    99 ||   251
       Tailslap          |    10 |     5 ||    15
       Punch             |     2 |       ||     2
       Headbutt          |     4 |     1 ||     5
 Cast: Beastly Appendage |     5 |     1 ||     6
       Spider Form       |     1 |     4 ||     5
 Abil: End Transformatio |     1 |       ||     1
  Use: Potion            |     2 |     1 ||     3
  Eat: Chunk             |     4 |     6 ||    10
Armor: Skin              |    39 |    54 ||    93
Dodge: Dodged            |    98 |    97 ||   195

Table legend:
 A = Spawn XP
 B = Non-spawn XP
 C = Spawn XP percentage of total XP
 D = Spawn monster count
 E = Non-spawn monster count
 F = Spawn count percentage of total count
 G = Total turns spent on level
                    A         B        C        D         E        F      G
               +---------+---------+-------+---------+---------+-------+---------
         Total |       0 |     163 |   0.0 |       0 |      57 |   0.0 |  3900
               +---------+---------+-------+---------+---------+-------+---------
           D:1 |       0 |      37 |   0.0 |       0 |      20 |   0.0 |   983
           D:2 |       0 |      88 |   0.0 |       0 |      26 |   0.0 |  2629
           D:3 |       0 |      38 |   0.0 |       0 |      11 |   0.0 |   288
               +---------+---------+-------+---------+---------+-------+---------
